 Dungeon Crawl Stone Soup version 0.24.0-123-gd5b16e6ec5 (webtiles) character file.

Game seed: 14109769789733081256, levelgen mode: deterministic

1122 4FPSwarrior the Insei (level 8, -12/54 HPs)
             Began as an Octopode Transmuter on Jan 4, 2020.
             Killed by nerve-wracking pain
             ... invoked by Menkaure
              (14 damage)
             ... in an ossuary on Jan 5, 2020.
             The game lasted 00:30:07 (8478 turns).

4FPSwarrior the Insei (Octopode Transmuter)         Turns: 8478, Time: 00:30:07

Health: -12/54     AC:  1    Str: 12    XL:     8   Next: 35%
Magic:  9/11       EV: 13    Int: 15    God:
Gold:   163        SH:  0    Dex: 12    Spells: 4/11 levels left

rFire    . . .     SeeInvis .     - Unarmed
rCold    . . .     Gourm    .   (no shield)
rNeg     . . .     Faith    .   (helmet restricted)
rPois    .         Spirit   .   (no amulet)
rElec    .         Reflect  .   (no ring)
rCorr    .         Harm     .   (no ring)
MR       .....                  (no ring)
Stlth    ++........             (no ring)
HPRegen  0.18/turn              (no ring)
MPRegen  0.12/turn              (no ring)
                                (no ring)
                                (no ring)

@: appendage, hasted, very quick
A: almost no armour, stealthy swim, amphibious, 8 rings, constrict 8, tentacle
spike 3, camouflage 1, gelatinous body 1
a: End Transformation


You were in an ossuary.
You were not hungry.
One of your tentacles had a temporary spike.
You visited 1 branch of the dungeon, and saw 6 of its levels.
You also visited: Ossuary.

You collected 163 gold pieces.

Inventory:

Missiles
 a - 105 arrows
 f - 15 poisoned darts
 k - 181 stones (quivered)
Wands
 t - a wand of iceblast (11)
Scrolls
 b - 2 scrolls of teleportation
 e - a scroll of remove curse
 h - a scroll of identify
 i - 2 scrolls of amnesia
 j - a scroll of noise {unknown}
 l - a scroll of fog
 o - a scroll of magic mapping {unknown}
 r - a scroll of random uselessness {unknown}
 u - a scroll of enchant weapon {unknown}
 w - a scroll of fear {unknown}
Potions
 d - a potion of mutation {unknown}
 g - a potion of degeneration
 m - a potion of resistance {unknown}
 n - a potion of haste
 p - a potion of magic {unknown}
 q - a potion of lignification
 s - 3 potions of heal wounds {unknown}
 v - a potion of ambrosia
Comestibles
 c - 14 rations


   Skills:
 + Level 4.3 Fighting
 - Level 2.0 Dodging
 * Level 7.0 Unarmed Combat
 - Level 2.0 Spellcasting
 + Level 4.7 Transmutations
 + Level 3.4 Ice Magic


You had 4 spell levels left.
You knew the following spells:

 Your Spells              Type           Power        Failure   Level  Hunger
a - Beastly Appendage     Tmut           ###...       3%          1    #......
b - Sticks to Snakes      Tmut           ###.....     4%          2    ###....
c - Ice Form              Ice/Tmut       ##......     38%         4    #####..

Your spell library contained the following spells:

 Spells                   Type           Power        Failure   Level  Hunger
 Spider Form              Tmut/Pois      #.........   26%         3    ###....
 Blade Hands              Tmut           ###.......   65%         5    ######.
 Malign Gateway           Summ/Tloc      #.........   100%        7    #######
 Monstrous Menagerie      Summ           #.........   100%        7    #######
 Summon Greater Demon     Summ           #.........   100%        7    #######
 Summon Horrible Things   Summ           #.........   100%        8    #######


Dungeon Overview and Level Annotations

Branches:
Dungeon (6/15)            Ossuary (1/1)
 Temple: D:4-7

Altars:
Elyvilon
Fedhas
Kikubaaqudgha
Ru
Uskayaw
Vehumet
Yredelemnul
Zin
The Shining One

Annotations:
D:3 exclusion: door
D:6 2 transporters, diiiiiane's ghost, novice OpAs Ossuary Menkaure


Innate Abilities, Weirdness & Mutations

You cannot wear most types of armour.
You are very stealthy in the water. (Stealth+)
You are amphibious.
You can wear up to eight rings at the same time.
You can use your tentacles to constrict eight enemies at once.
Your skin changes colour to match your surroundings (Stealth+).
Your rubbery body absorbs attacks. (AC +1, EV +1)
One of your tentacles bears a large vicious spike.


Message History

Throwing (i - inventory. (/) - cycle)
k - 182 stones (quivered)
Press: ? - help, Shift-Dir - straight line, f - Menkaure
Aim: Menkaure (fast)
You throw a stone. The stone barely misses Menkaure.
The stone barely misses the mummy.
Menkaure hits you!
* * * LOW HITPOINT WARNING * * *
You tentacle-slap Menkaure. You grab Menkaure.
Menkaure is lightly damaged.
You constrict Menkaure.
Menkaure mumbles a few words.
Menkaure hits you!
* * * LOW HITPOINT WARNING * * *
You feel yourself speed up.
You constrict Menkaure. Menkaure closely misses you.
You tentacle-slap Menkaure.
Menkaure is heavily damaged.
You constrict Menkaure.
Menkaure points at you and mumbles some strange words.
Pain shoots through your body!
You die...

##..##.^##..####..##..##.^
##..##..##.^## ##..##..##.
##..##..##^.## ##..##..##
##..##^.##..## ##..##..#
##^.##..##..## ##..##.^
##..##..##^.## ##..##.
##.^##..##..## ##..##
##..##..##..##############''##..#
#..##..##..^...S@M.M((.......##.^
..##..##########################.
.##.............^................
#################################
..^.......^....^.................
#################################


You could see Menkaure, a mummy and a friendly ball python.

Vanquished Creatures
  An ice beast (D:5)
  2 phantoms (D:5)
  2 ogres (D:5)
  A howler monkey (D:4)
  3 vampire bats (D:4)
  2 crimson imps (D:5)
  2 hounds
  A jelly (D:6)
  A centaur skeleton (D:6)
  Terence (D:3)
  2 worker ants (D:5)
  Natasha (D:3)
  2 mummies (Ossuary)
  4 gnolls
  4 adders
  2 shadow imps (D:5)
  2 worms (D:4)
  6 dart slugs
  4 leopard geckos
  14 orcs
  8 bats
  4 bat skeletons (D:4)
  2 bat zombies (D:4)
  5 giant cockroaches
  6 goblins
  13 hobgoblins
  7 jackals
  10 kobolds
  A quokka (D:2)
  4 frilled lizards
  4 gnoll skeletons (Ossuary)
  5 gnoll zombies
  4 goblin skeletons (Ossuary)
  3 goblin zombies
  5 hobgoblin skeletons (Ossuary)
  4 hobgoblin zombies (Ossuary)
  A jackal zombie (D:6)
  4 kobold skeletons (Ossuary)
  7 kobold zombies (Ossuary)
  2 orc skeletons (Ossuary)
  2 quokka skeletons (D:5)
  9 rats
  4 rat skeletons (Ossuary)
  8 rat zombies (Ossuary)
179 creatures vanquished.

Vanquished Creatures (collateral kills)
  Natasha (D:3)
  2 gnolls (D:3)
  An adder (D:5)
  An orc (D:5)
5 creatures vanquished.

Vanquished Creatures (others)
  2 orc skeletons (Ossuary)
  An orc zombie (Ossuary)
3 creatures vanquished.

Grand Total: 187 creatures vanquished

Notes
Turn   | Place    | Note
-------+----------+-------------------------------------------
     0 | D:1      | 4FPSwarrior the Octopode Transmuter began the quest for the
                  | Orb.
     0 | D:1      | Reached XP level 1. HP: 13/13 MP: 3/3
   128 | D:1      | Reached XP level 2. HP: 16/18 MP: 5/5
   838 | D:1      | Reached XP level 3. HP: 23/23 MP: 4/6
  1648 | D:2      | Reached skill level 4 in Unarmed Combat
  1648 | D:2      | Reached XP level 4. HP: 23/29 MP: 5/7
  1883 | D:2      | Found a glowing golden altar of the Shining One.
  2014 | D:2      | Learned a level 2 spell: Sticks to Snakes
  2237 | D:2      | Found a hide-covered altar of Uskayaw.
  2452 | D:2      | Found a radiant altar of Vehumet.
  2806 | D:2      | Found a basalt altar of Yredelemnul.
  3068 | D:3      | Learned a level 4 spell: Ice Form
  3158 | D:3      | Noticed Terence
  3170 | D:3      | Killed Terence
  3170 | D:3      | Reached XP level 5. HP: 26/35 MP: 3/8
  4050 | D:3      | Noticed Natasha
  4058 | D:3      | Killed Natasha
  4145 | D:3      | Noticed Natasha
  4153 | D:3      | Killed Natasha
  4153 | D:3      | Reached skill level 1 in Ice Magic
  4373 | D:4      | Reached skill level 5 in Unarmed Combat
  4373 | D:4      | Reached XP level 6. HP: 25/41 MP: 7/9
  4832 | D:4      | Found a white marble altar of Elyvilon.
  4834 | D:4      | Found a glowing silver altar of Zin.
  4999 | D:5      | Entered Level 5 of the Dungeon
  4999 | D:5      | Noticed a phantom
  5072 | D:5      | Noticed a phantom
  5614 | D:5      | Found a sacrificial altar of Ru.
  5653 | D:5      | HP: 2/42 [ogre/+0 giant club (12)]
  5664 | D:5      | HP: 2/42 [hound (2)]
  6005 | D:5      | Reached XP level 7. HP: 28/46 MP: 10/10
  6443 | D:5      | Found a blossoming altar of Fedhas.
  6530 | D:5      | Reached skill level 6 in Unarmed Combat
  7100 | D:4      | Found an ancient bone altar of Kikubaaqudgha.
  7575 | D:5      | Reached XP level 8. HP: 43/54 MP: 1/11
  7989 | D:6      | Found a transporter.
  7989 | D:6      | Found a transporter.
  7989 | D:6      | Noticed diiiiiane's ghost (novice OpAs)
  7989 | D:6      | Identified the +9 dire flail of the Coward {vamp, +Fly
                  | Int+4}
  7989 | D:6      | Identified the cursed +3 great mace of Patwimef {speed,
                  | Str+4 Dex+2}
  7989 | D:6      | Noticed a two-headed ogre
  8000 | D:6      | Found a sand-covered staircase.
  8016 | Ossuary  | Entered an ossuary
  8463 | Ossuary  | Reached skill level 7 in Unarmed Combat
  8464 | Ossuary  | Noticed Menkaure
  8476 | Ossuary  | HP: 2/54 [Menkaure (7)]
  8478 | Ossuary  | Killed from afar by Menkaure

Levels and vault maps discovered:
D:1:      dpeg_arrival_brainrot, layout_basic, minmay_tromino_v2
D:2:      layout_loops_ring, eat_drink_and_be_merry_uskayaw,
          lemuel_zombie_altar_yredelemnul, marbit_many_paths, tso_altar
D:3:      layout_rooms, okawaru_altar_gauntlet_db, first_ration, uniq_terence,
          uniq_natasha
D:4:      layout_loops_cross, kennysheep_vampire_church,
          chequers_temple_overflow_statue_of_worship
D:5:      layout_rooms, nicolae_ru_awakened_eye, fedhas_ov_isle_minmay
D:6:      layout_rooms, minmay_temple_entry_proselytizer, enter_ossuary_3,
          gammafunk_ghost_smash
Ossuary:  ossuary_due_pyramid

Skill      XL: |  1  2  3  4  5  6  7  8 |
---------------+-------------------------+-----
Fighting       | 2 3 4 |  4.3
Unarmed Combat | 4 5 6 7 |  7.0
Transmutations | 3 4 |  4.7
Ice Magic      | 1 2 3 |  3.4
Dodging        | |  2.0
Spellcasting   | |  2.0

Action                   |  1- 3 |  4- 6 |  7- 9 || total
-------------------------+-------+-------+-------++-------
Melee: Unarmed           |    71 |   164 |   190 ||   425
       Constrict         |    24 |    50 |    44 ||   118
       Kick              |    22 |    49 |    45 ||   116
       Tentacles         |     7 |    24 |    24 ||    55
       Punch             |     1 |     4 |     7 ||    12
Throw: Stone             |       |       |     7 ||     7
 Cast: Beastly Appendage |    19 |    36 |    32 ||    87
       Sticks to Snakes  |       |    14 |    20 ||    34
  Use: Scroll            |     1 |    10 |       ||    11
       Potion            |     1 |     2 |     2 ||     5
 Stab: Sleeping          |     5 |     3 |     1 ||     9
  Eat: Chunk             |     2 |    12 |     1 ||    15
       Ration            |       |     1 |     3 ||     4
Armor: Skin              |     1 |     6 |    18 ||    25
Dodge: Dodged            |    47 |   116 |   114 ||   277
